AoeStats
← TheQuietRiot

Acropolis

503372677Analyzed
1v1 RM · 1mo ago on Aug 31, 2026· 44m 38s· 2 players
Game mode
Random Map
Map size
Tiny (2 player)
Population
200
Speed
Normal
Resources
Standard
Victory
Conquest
Starting age
Dark Age
Ending age
Imperial Age
RankedLock teamsTeams togetherTeam positionsShared explorationLock speedFull tech treeHidden civsTurbo modeCheats
Victory
Defeat
🇬🇧 Britons · United Kingdom
884
+16
🇨🇱 Romans · Chile
894
-16
TheQuietRiot
7:29 Loom
7:45 Loom
10:34 Feudal Age
12:33 Double-Bit Axe
16:16 Wheelbarrow
19:35 Horse Collar
20:07 Fletching
22:44 Gold Mining
25:01 Castle Age
24:02 Stone Mining
24:02 Gold Mining
24:42 Padded Archer Armor
24:52 Man-at-Arms
25:03 Crossbowman
26:42 Hand Cart
26:41 Bow Saw
27:36 Bodkin Arrow
27:57 Leather Archer Armor
31:26 Town Watch
31:46 Heavy Plow
33:34 Town Patrol
34:22 Ballistics
34:32 Forging
37:42 Imperial Age
36:24 Scale Mail Armor
37:49 Arbalester
38:35 Bracer
39:05 Conscription
41:31 Gold Shaft Mining
42:58 Yeomen
45:15 Warwolf
jgmmedico
4:04 Loom
12:02 Feudal Age
12:48 Double-Bit Axe
14:00 Wheelbarrow
13:58 Man-at-Arms
18:59 Castle Age
26:02 Bow Saw
26:59 Town Watch
31:13 Elite Skirmisher
34:56 Scale Barding Armor
37:54 Forging
38:44 Town Patrol
45:21 Imperial Age
44:33 Fletching
Connection lost

Rejoining the realm…

Still unreachable

The connection could not be restored.

Session expired

The server has moved on; the page needs a fresh start.